 Dungeon Crawl Stone Soup version 0.9.0-27-g8a39726 character file.

1467 adzi the Chopper (level 8, -21/68 HPs)
             Began as a Hill Orc Berserker on Feb 1, 2012.
             Was an Elder of Trog.
             Demolished by an orc warrior
             ... wielding a -1,+0 orcish halberd
              (23 damage)
             ... on Level 7 of the Dungeon.
             The game lasted 00:34:34 (4779 turns).

adzi the Chopper (Hill Orc Berserker)               Turns: 4779, Time: 00:34:34

HP -21/68        AC  8     Str 22      XL: 8   Next: 91%
MP   7/7         EV 12     Int  4      God: Trog [****..]
Gold 138         SH  0     Dex 11      Spells:  0 memorised,  9 levels left

Res.Fire  : + . .   See Invis. : .   a - -1 orc war axe
Res.Cold  : . . .   Warding    : . . q - +2 leather armour {rF+}
Life Prot.: . . .   Conserve   : .   (no shield)
Res.Acid. : . . .   Res.Corr.  : .   (no helmet)
Res.Poison: .       Clarity    : .   (no cloak)
Res.Elec. : .       Spirit.Shd : .   (no gloves)
Sust.Abil.: . .     Stasis     : .   J - +2 pair of orc boots
Res.Mut.  : .       Ctrl.Telep.: .   m - amulet of faith
Res.Rott. : .       Levitation : .   (no ring)
Saprovore : + . .   Ctrl.Flight: .   (no ring)

@: slightly resistant to hostile enchantments, unstealthy
A: saprovore 1
a: Burn Spellbooks, Berserk, Trog's Hand, Brothers in Arms, Renounce Religion


You were on level 7 of the Dungeon.
You worshipped Trog.
Trog was extremely pleased with you.
You were not hungry.

You visited 1 branch of the dungeon, and saw 7 of its levels.

You collected 238 gold pieces.
You spent 120 gold pieces at shops.

Inventory:

Hand weapons
 a - a -1,-1 orcish war axe (weapon)
 b - a +0 blowgun
 c - a -1,+0 orcish dagger (quivered)
 d - a cursed -1,-1 orcish dagger
 e - a +0,+1 orcish hand axe
 g - a +2,+1 spear
 h - a +1,+0 elven dagger
 i - a +0,+1 orcish hand axe
 p - a -1,+1 orcish hand axe
 r - a -1,+1 orcish hand axe
 s - a -1,+1 orcish hand axe
 t - a -1,+1 orcish hand axe
 G - a +3,+0 elven dagger
 H - a -1,+1 orcish dagger
 L - a +0,+1 orcish dagger
 M - a +0,+0 spear
Missiles
 l - 17 poisoned +0 needles
 n - 3 curare-tipped +0 needles
Armour
 q - a +2 leather armour of fire resistance (worn)
 J - a +2 pair of orcish boots (worn)
Comestibles
 j - a choko
 y - 4 meat rations
 B - a pear
Scrolls
 o - 2 scrolls of teleportation
 v - a scroll of enchant weapon I {unknown}
 w - a scroll of magic mapping {unknown}
 x - 2 scrolls of remove curse {unknown}
 A - a scroll of detect curse {unknown}
 D - a scroll of fear {unknown}
 K - a scroll of enchant armour {unknown}
Jewellery
 m - an amulet of faith (around neck)
 z - an uncursed ring of fire {unknown}
Potions
 f - a potion of restore abilities
 k - a potion of agility {unknown}
 u - a potion of speed {unknown}
 C - 2 potions of mutation {unknown}
 E - a potion of degeneration {unknown}
 F - a potion of confusion {unknown}
 I - a potion of heal wounds {unknown}


   Skills:
 + Level 5 Fighting
 * Level 7 Axes
 + Level 3 Throwing
 * Level 5 Armour
 + Level 3 Dodging
 - Level 1 Stealth
 - Level 1 Traps & Doors
 - Level 1 Spellcasting


You had 9 spell levels left.
You didn't know any spells.

Dungeon Overview and Level Annotations

Branches:
Dungeon (7/27)             Temple (0/1) D:5
    Orc: D:6-11

Altars:
Elyvilon
Yredelemnul

Shops:
D:5: %


Innate Abilities, Weirdness & Mutations

You can tolerate rotten meat.


Message History

The orc warrior hits you with a glowing orcish halberd.
* * * LOW HITPOINT WARNING * * *
The orc misses you. The orc barely misses you.
You hit the orc warrior, but do no damage.
The orc warrior is moderately wounded.
The orc warrior closely misses you. The orc completely misses you.
You hit the orc warrior, but do no damage.
The orc warrior is moderately wounded.
The orc warrior hits you but does no damage.
The orc hits you but does no damage.
You hit the orc warrior.
The orc warrior is moderately wounded.
The orc warrior barely misses you. The orc closely misses you.
Drink which item? (? for menu, Esc to quit)
You feel refreshed.
It was a potion of restore abilities.
The orc warrior closely misses you. The orc barely misses you.
You hit the orc warrior.
The orc warrior is moderately wounded.
The orc warrior hits you with a glowing orcish halberd!
You die...

.###........(.(..
.# #######.<...(.
.# #.###### .#
#[# .#####
###)###### ##...#
#........#
#....###........#
......##o.......#
......lo@.......#
.....###.......>#
.....# #........#
^....# ####.#####
#.#### #.# #.#
#.# ..# #.# .##
#.# # ...


You could see an orc warrior, an iguana and an orc.

Vanquished Creatures
  The ghost of Squonk the Cutter, an experienced KoSk (D:6)
  An ice beast (D:5)
  A phantom (D:6)
  A centaur (D:3)
  A giant frog (D:6)
  An ogre (D:6)
  Sigmund (D:7)
  A killer bee zombie (D:7)
  A big kobold skeleton (D:3)
  An orc priest (D:7)
  3 hounds
  A scorpion (D:5)
  4 orc wizards
  A worker ant (D:6)
  2 jellies (D:7)
  7 snakes
  A giant eyeball (D:6)
  4 giant geckos
  A gnoll zombie (D:6)
  An ooze (D:3)
  14 orcs
  6 bats
  2 giant cockroaches
  10 goblins
  9 hobgoblins
  6 jackals
  2 quokkas
  A giant gecko skeleton (D:6)
  2 giant newts
  9 kobolds
  An orc skeleton (D:5)
  9 rats
  2 small snakes
108 creatures vanquished.

Vanquished Creatures (others)
  A goblin (D:1)
  A rat (D:7)
2 creatures vanquished.

Grand Total: 110 creatures vanquished

Notes
Turn   | Place    | Note
--------------------------------------------------------------
     0 | D:1      | adzi, the Hill Orc Berserker, began the quest for the Orb.
     0 | D:1      | Reached XP level 1. HP: 19/19 MP: 0/0
   212 | D:1      | Reached XP level 2. HP: 19/27 MP: 1/1
   617 | D:1      | Reached XP level 3. HP: 33/33 MP: 2/2
  1391 | D:3      | HP: 2/49 [centaur (5)]
  1392 | D:3      | Reached skill level 5 in Axes
  1392 | D:3      | Reached XP level 4. HP: 2/40 MP: 2/2
  1392 | D:3      | Reached XP level 5. HP: 2/46 MP: 3/3
  1401 | D:3      | HP: 2/46 [bat (1)]
  1420 | D:3      | HP: 2/46 [big kobold skeleton (3)]
  1423 | D:3      | Reached skill level 1 in Throwing
  1981 | D:3      | Acquired Trog's second power
  2358 | D:4      | Reached skill level 5 in Fighting
  2358 | D:4      | Reached XP level 6. HP: 36/53 MP: 4/4
  2624 | D:5      | Entered Level 5 of the Dungeon
  2709 | D:5      | Found Shout's Food Emporium.
  2731 | D:5      | Bought a meat ration for 40 gold pieces
  2731 | D:5      | Bought a meat ration for 40 gold pieces
  2731 | D:5      | Bought a meat ration for 40 gold pieces
  2803 | D:5      | Found a staircase to the Ecumenical Temple.
  3079 | D:6      | Reached XP level 7. HP: 45/60 MP: 4/4
  3336 | D:6      | Noticed Squonk's ghost (experienced KoSk)
  3346 | D:6      | Defeated Squonk's ghost
  3346 | D:6      | Reached skill level 6 in Axes
  3346 | D:6      | Reached skill level 5 in Armour
  3346 | D:6      | Reached skill level 1 in Traps & Doors
  3346 | D:6      | Reached XP level 8. HP: 68/68 MP: 5/5
  3694 | D:6      | Found a white marble altar of Elyvilon.
  3700 | D:6      | Paralysed by a giant eyeball for 4 turns
  3710 | D:6      | Paralysed by a giant eyeball for 4 turns
  3863 | D:7      | Reached skill level 7 in Axes
  3998 | D:7      | Acquired Trog's third power
  4208 | D:7      | Reached skill level 1 in Stealth
  4208 | D:7      | Reached skill level 1 in Spellcasting
  4210 | D:7      | Found a basalt altar of Yredelemnul.
  4425 | D:7      | Noticed Sigmund
  4447 | D:7      | Defeated Sigmund
  4773 | D:7      | HP: 3/68 [orc (1)]
  4774 | D:7      | HP: 1/68 [orc warrior/glowing orcish halberd (3)]
  4779 | D:7      | Demolished by an orc warrior
